 Dungeon Crawl Stone Soup version 0.21.0-24-g2553a33 (webtiles) character file.

20 Mgcat the Charmwright (level 2, 0/22 HPs)
             Began as a Demonspawn Skald on Jan 19, 2018.
             Slain by a worker ant (5 damage)
             ... on level 2 of the Dungeon.
             The game lasted 00:01:35 (1138 turns).

Mgcat the Charmwright (Demonspawn Skald)            Turns: 1138, Time: 00:01:36

Health: 0/22       AC:  3    Str: 11    XL:     2   Next: 58%
Magic:  5/5        EV: 12    Int: 14    God:
Gold:   106        SH:  0    Dex: 12    Spells: 4/5 levels left

rFire    . . .     SeeInvis .   a - +0 hand axe
rCold    . . .     Gourm    .   (no shield)
rNeg     . . .     Faith    .   b - +0 leather armour
rPois    .         Spirit   .   (no helmet)
rElec    .         Reflect  .   (no cloak)
rCorr    .         Harm     .   (no gloves)
MR       .....                  (no boots)
Stlth    ..........             (no amulet)
HPRegen  0.07/turn              o - ring of loudness (curse)
MPRegen  0.09/turn              (no ring)

@: lethally poisoned (0 -> -13)
A: hooves 1
a: no special abilities


You were on level 2 of the Dungeon.
You were not hungry.

You visited 1 branch of the dungeon, and saw 2 of its levels.

You collected 106 gold pieces.

Inventory:

Hand Weapons
 a - a +0 hand axe (weapon)
Armour
 b - a +0 leather armour (worn)
Jewellery
 o - a cursed ring of loudness (left hand)
Scrolls
 f - 5 scrolls of identify {unknown}
 i - a scroll of enchant weapon {unknown}
 j - 3 scrolls of enchant armour {unknown}
 l - a scroll of noise {unknown}
 n - 3 scrolls of remove curse {unknown}
 p - a scroll of fog {unknown}
Potions
 e - a potion of agility {unknown}
 g - a potion of flight {unknown}
 h - a potion of degeneration {unknown}
 m - a potion of invisibility {unknown}
Books
 c - a book of Battle

   Spells                             Type                      Level
   a - Infusion                       Charms                       1
   b - Shroud of Golubria             Charms/Translocation         2
   c - Song of Slaying                Charms                       2
   d - Spectral Weapon                Hexes/Charms                 3
   e - Regeneration                   Charms/Necromancy            3
Comestibles
 d - 2 rations
 k - 3 chunks of flesh


   Skills:
 - Level 2.0 Fighting
 + Level 2.1 Axes
 + Level 1.4 Armour
 + Level 2.1 Dodging
 - Level 2.0 Spellcasting
 - Level 2.7 Charms


You had 4 spell levels left.
You knew the following spells:

 Your Spells              Type           Power        Failure   Level  Hunger
a - Infusion              Chrm           #...         10%         1    ##.....


Dungeon Overview and Level Annotations

Branches:
Dungeon (2/15)

Altars:


Innate Abilities, Weirdness & Mutations

You have large cloven feet.


Message History

The worker ant closely misses you.
Unknown command.
You hit the worker ant. Your kick misses the worker ant.
The worker ant is lightly wounded.
The worker ant bites you.
You are lethally poisoned!
The worker ant poisons you!
Unknown command.
You hit the worker ant.
The worker ant is heavily wounded.
You hit the hobgoblin but do no damage.
* * * LOW HITPOINT WARNING * * *
You feel sick.
The worker ant waves its antennae.
The worker ant barely misses you. The worker ant misses you.
The hobgoblin closely misses you.
You closely miss the hobgoblin. You closely miss the worker ant.
* * * LOW HITPOINT WARNING * * *
You feel sick. The worker ant bites you.
You die...

..... #.. #....#
##...
.#!....###....
............###
...............
.............
##.##.a....###
....$..@<....#..
###....g<......#
##............
#............
#...........#..
###............
#............
.............
#.....#####...


You could see a worker ant and a hobgoblin.

Vanquished Creatures
  2 leopard geckos (D:1)
  2 giant cockroaches (D:1)
  A hobgoblin (D:1)
  4 bats (D:1)
  2 frilled lizards (D:1)
  5 goblins
  2 kobolds (D:1)
  2 rats
20 creatures vanquished.

Notes
Turn   | Place    | Note
-------+----------+-------------------------------------------
     0 | D:1      | Mgcat the Demonspawn Skald began the quest for the Orb.
     0 | D:1      | Reached XP level 1. HP: 16/16 MP: 3/3
   122 | D:1      | Reached skill level 1 in Armour
   569 | D:1      | Gained mutation: You have large cloven feet. [demonic ancestry]
   569 | D:1      | Reached XP level 2. HP: 22/22 MP: 5/5
  1138 | D:2      | Slain by a worker ant

Skill      XL: |  1  2 |
---------------+-------+-----
Armour         | 1 |  1.4
Dodging        | 2 |  2.1
Axes           | 2 |  2.1
Fighting       | |  2.0
Spellcasting   | |  2.0
Charms         | |  2.7

Action                   || total
-------------------------++-------
Melee: Hand axe          ||    62
       Kick              ||     5
  Eat: Chunk             ||     1
Armor: Leather armour    ||    17
Dodge: Dodged            ||    56
